 Dungeon Crawl Stone Soup version 0.12.3 (webtiles) character file.

379 Knorr the Chopper (level 5, 0/46 HPs)
             Began as a Minotaur Berserker on Jan 7, 2019.
             Was a Believer of Trog.
             Succumbed to a scorpion's poison
             ... on Level 4 of the Dungeon.
             The game lasted 00:13:32 (4005 turns).

Knorr the Chopper (Minotaur Berserker)              Turns: 4005, Time: 00:13:32

HP   0/46        AC  5     Str 23      XL: 5   Next: 11%
MP   1/1         EV  9     Int  4      God: Trog [**....]
Gold 228         SH  0     Dex  9      Spells:  0 memorised,  4 levels left

Res.Fire  : . . .   See Invis. : .   a - +1 hand axe {=f}
Res.Cold  : . . .   Warding    : +   l - +0 ring mail (curse)
Life Prot.: + . .   Conserve   : .   (no shield)
Res.Poison: .       Res.Corr.  : .   (helmet restricted)
Res.Elec. : .       Clarity    : .   (no cloak)
Sust.Abil.: . .     Spirit.Shd : .   (no gloves)
Res.Mut.  : .       Stasis     : .   (no boots)
Res.Rott. : .       Ctrl.Telep.: .   p - amulet of warding {unknown}
Saprovore : . . .   Flight     : .   (no ring)
                                     (no ring)

@: quite poisoned, slightly resistant to hostile enchantments, extremely
unstealthy
A: retaliatory headbutt, horns 2
a: Burn Spellbooks, Berserk, Trog's Hand, Renounce Religion


You were on level 4 of the Dungeon.
You worshipped Trog.
Trog was most pleased with you.
You were very hungry.

You visited 1 branch of the dungeon, and saw 4 of its levels.

You collected 208 gold pieces.

Inventory:

Hand weapons
 a - a +1,+1 hand axe (weapon) {=f}
 o - a cursed -1,-3 spear
Missiles
 d - 8 stones (quivered)
 e - 23 darts
 g - 8 arrows
Armour
 b - a +0 animal skin
 l - a cursed +0 ring mail (worn)
 n - a +0 elven robe
Comestibles
 h - 7 grapes
 k - 4 meat rations
 r - a bread ration
 v - an apricot
 w - a snozzcumber
 x - a pear
Scrolls
 c - a scroll of amnesia {unknown}
 i - a scroll of remove curse
 m - 3 scrolls of identify
 q - a scroll of fear {unknown}
 s - a scroll of fog {unknown}
Jewellery
 p - an amulet of warding (around neck) {unknown}
 y - an uncursed ring of see invisible {unknown}
Potions
 f - a potion of might
 j - a potion of restore abilities
 u - a potion of heal wounds {unknown}
Books
 t - a book of Annihilations This book is beyond your current level of understanding.

   Spells                             Type                      Level
   Poison Arrow                       Conjuration/Poison           6
   Orb of Destruction                 Conjuration                  7
   Chain Lightning                    Conjuration/Air              8
   Lehudib's Crystal Spear            Conjuration/Earth            8
   Ice Storm                          Conjuration/Ice              9
   Fire Storm                         Conjuration/Fire             9
   Trog disapproves of the use of such an item.


   Skills:
 + Level 4.0 Fighting
 + Level 5.1 Axes
 + Level 3.9 Armour
 + Level 3.4 Dodging
 + Level 0.1 Stealth
 + Level 0.2 Traps


You had 4 spell levels left.
You didn't know any spells.

Dungeon Overview and Level Annotations

Branches:
Dungeon (4/27)
 Temple: D:4-7

Altars:
Fedhas
Kikubaaqudgha
Okawaru
Yredelemnul


Innate Abilities, Weirdness & Mutations

You reflexively headbutt those who attack you in melee.
You have a pair of horns on your head.


Message History

The scorpion closely misses you.
You hit the scorpion but do no damage. Your headbutt misses the scorpion.
The scorpion is lightly wounded.
The scorpion stings you.
* * * LOW HITPOINT WARNING * * *
You hit the scorpion.
The scorpion is moderately wounded.
The scorpion stings you.
* * * LOW HITPOINT WARNING * * *
You are poisoned.
The scorpion poisons you!
You hit the scorpion. Your headbutt misses the scorpion.
The scorpion is moderately wounded.
The scorpion stings you.
* * * LOW HITPOINT WARNING * * *
You are more poisoned.
The scorpion poisons you!
You hit the scorpion.
The scorpion is severely wounded.
You die...

##+## ##...## #
##.....## ## ...
##.......## ##.
##...####.........####..
#....ws@'.....(...+.....
##...####.........####..
... ##.......## #.. #
##..%..## #.# ##...##
#.. ##'## ##. #.# #####.
#.# #..... ##.## #.###.


You could see a worm and a scorpion.

Vanquished Creatures
  3 adders
  A gnoll (D:1)
  A giant mite (D:3)
  3 worms
  2 oozes (D:3)
  5 orcs
  11 bats
  10 giant cockroaches
  9 goblins
  9 hobgoblins
  4 jackals
  2 kobolds
  A quokka (D:3)
  A giant gecko (D:1)
  4 giant newts
  A quokka skeleton (D:4)
  15 rats
82 creatures vanquished.

Vanquished Creatures (others)
  A goblin (D:2)
1 creature vanquished.

Grand Total: 83 creatures vanquished

Notes
Turn   | Place    | Note
--------------------------------------------------------------
     0 | D:1      | Knorr, the Minotaur Berserker, began the quest for the Orb.
     0 | D:1      | Reached XP level 1. HP: 19/19 MP: 0/0
   197 | D:1      | Reached skill level 4 in Axes
   278 | D:1      | Reached XP level 2. HP: 13/26 MP: 0/0
   899 | D:1      | Reached XP level 3. HP: 33/33 MP: 1/1
  2469 | D:2      | Reached skill level 5 in Axes
  2527 | D:2      | Reached XP level 4. HP: 37/39 MP: 1/1
  2573 | D:2      | Found an iron altar of Okawaru.
  2621 | D:2      | Acquired Trog's second power
  3545 | D:3      | Found a blossoming altar of Fedhas.
  3804 | D:4      | Found a basalt altar of Yredelemnul.
  3927 | D:4      | Found an ancient bone altar of Kikubaaqudgha.
  3985 | D:4      | Reached XP level 5. HP: 43/46 MP: 1/1
  4004 | D:4      | HP: 1/46 [scorpion (5)]
  4005 | D:4      | Succumbed to a scorpion's poison

Action                   |  1- 3 |  4- 6 || total
-------------------------+-------+-------++-------
Melee: Hand axe          |    87 |   117 ||   204
  Use: Scroll            |     4 |     4 ||     8
       Potion            |     1 |     1 ||     2
